AoeStats
← Juancho

Black Forest

507585024Analyzed
4v4 RM · 14d ago on Sep 18, 2026· 32m 31s· 8 players
Game mode
Random Map
Map size
Large (8 player)
Population
200
Speed
Normal
Resources
Standard
Victory
Conquest
Starting age
Dark Age
Ending age
Imperial Age
RankedLock teamsTeams togetherTeam positionsShared explorationLock speedFull tech treeHidden civsTurbo modeCheats
Victory
Defeat
🇳🇴 Franks · Norway
1089
+10
🇳🇴 Khmer · Norway
1011
+13
🇳🇴 Shu · Norway
967
+14
🇳🇴 Vietnamese · Norway
954
+14
🇨🇴 Turks · Colombia
975
-14
🇦🇷 Hindustanis · Argentina
964
-14
🇨🇴 Aztecs · Colombia
919
-12
🇨🇴 Japanese · Colombia
898
-11
FernetRush
10:15 Feudal Age
15:04 Castle Age
13:03 Horse Collar
13:55 Double-Bit Axe
17:10 Loom
18:26 Bow Saw
18:21 Heavy Plow
25:27 Wheelbarrow
26:26 Grand Trunk Road
27:12 Hand Cart
27:58 Gold Mining
31:06 Imperial Age
30:37 Gold Shaft Mining
31:29 Bloodlines
31:27 Scale Barding Armor
31:33 Forging
31:30 Pikeman
Juancho
3:08 Loom
Ryukuro-Tsubarashi
0:32 Loom
13:26 Feudal Age
22:22 Castle Age
27:23 Crossbowman
28:18 Fletching
29:44 Wheelbarrow
29:52 Bodkin Arrow
rudencindo35
12:33 Feudal Age
13:25 Horse Collar
13:36 Double-Bit Axe
23:23 Castle Age
22:04 Forging
22:42 Bloodlines
22:54 Scale Barding Armor
22:56 Man-at-Arms
31:07 Iron Casting
fleske jaon
12:11 Feudal Age
15:40 Castle Age
13:53 Horse Collar
14:03 Double-Bit Axe
18:28 Bow Saw
21:54 Wheelbarrow
24:22 Hand Cart
24:34 Heavy Plow
25:26 Gold Mining
25:27 Stone Mining
26:11 Loom
26:43 Bloodlines
26:38 Husbandry
26:54 Scale Barding Armor
27:57 Chain Barding Armor
28:37 Gold Shaft Mining
28:38 Stone Shaft Mining
31:21 Imperial Age
29:25 Forging
31:41 Elite Battle Elephant
Darth Blubber
0:26 Loom
13:06 Feudal Age
17:49 Double-Bit Axe
20:23 Wheelbarrow
22:21 Castle Age
20:05 Horse Collar
20:20 Gold Mining
23:26 Crossbowman
24:13 Padded Archer Armor
24:04 Fletching
27:08 Thumb Ring
28:14 Stone Mining
Pippin
7:40 Loom
12:46 Feudal Age
16:41 Castle Age
14:33 Double-Bit Axe
17:59 Bow Saw
21:48 Wheelbarrow
20:59 Town Watch
23:58 Hand Cart
23:35 Gold Mining
29:03 Gold Shaft Mining
29:06 Forging
29:02 Scale Barding Armor
32:26 Imperial Age
29:47 Loom
30:28 Town Patrol
31:18 Husbandry
32:52 Iron Casting
32:37 Chain Barding Armor
Dahobbes
12:48 Feudal Age
14:00 Horse Collar
15:11 Scale Barding Armor
15:17 Forging
14:55 Man-at-Arms
24:00 Castle Age
25:43 Heavy Plow
25:39 Gold Mining
28:44 Chain Barding Armor
29:07 Double-Bit Axe
33:30 Coinage
Connection lost

Rejoining the realm…

Still unreachable

The connection could not be restored.

Session expired

The server has moved on; the page needs a fresh start.